 Dungeon Crawl Stone Soup version 0.30-a0-1176-gcdfb0321a8 (webtiles) character file.

Game seed: 11365157508692648596

452 Dadi the Trooper (level 7, 0/47 HPs)
             Began as a Gargoyle Fighter on Apr 30, 2023.
             Slain by an ogre
             ... wielding a +0 giant club
              (23 damage)
             ... on level 5 of the Dungeon.
             The game lasted 00:05:51 (3345 turns).

Dadi the Trooper (Gargoyle Fighter)                 Turns: 3345, Time: 00:05:52

Health: 0/47       AC: 22    Str: 21    XL:     7   Next: 5%
Magic:  7/7        EV:  9    Int: 15    God:
Gold:   190        SH:  4    Dex:  9    Spells: 6/6 levels left

rFire   . . .        r - +0 morningstar (protect)
rCold   . . .        c - +0 buckler
rNeg    + . .        b - +0 scale mail
rPois   ∞            (no helmet)
rElec   +            (no cloak)
rCorr   .            (no gloves)
SInv    .            (no boots)
Will    .....        (no amulet) Stlth
                     s - +4 ring of protection
HPRegen 0.27/turn    v - +6 ring of intelligence
MPRegen 0.10/turn

%: no passive effects
@: under a protective aura
A: sickness immunity, AC +4, negative energy resistance 1, electricity
resistance, torment resistance 1, petrification resistance
a: no special abilities


You were on level 5 of the Dungeon.
You visited 1 branch of the dungeon, and saw 5 of its levels.

You collected 190 gold pieces.

Inventory:

Hand Weapons
 a - a +0 flail
 r - a +0 morningstar of protection (weapon)
Armour
 b - a +0 scale mail (worn)
 c - a +0 buckler (worn)
 q - a +0 chain mail
Jewellery
 s - a +4 ring of protection (left hand)
 v - a +6 ring of intelligence (right hand)
 w - a +6 ring of intelligence
Scrolls
 e - a scroll of amnesia {unknown}
 h - 8 scrolls of identify {unknown}
 i - 2 scrolls of blinking {unknown}
 j - a scroll of butterflies {unknown}
 l - a scroll of enchant armour {unknown}
 n - a scroll of poison {unknown}
 p - a scroll of immolation {unknown}
 t - a scroll of noise {unknown}
 u - 2 scrolls of fog {unknown}
Potions
 d - a potion of might
 f - 3 potions of curing {unknown}
 g - a potion of brilliance {unknown}
 k - a potion of mutation {unknown}
 m - a potion of resistance {unknown}
 o - a potion of attraction {unknown}


   Skills:
 + Level 6.4 Fighting
 + Level 5.3 Maces & Flails
 - Level 3.2 Armour
 - Level 3.2 Shields


You had 6 spell levels left.
You didn't know any spells.
Your spell library contained the following spells:

 Spells                   Type           Power      Damage    Failure   Level
 Beastly Appendage        Tmut           0%         N/A       65%         1
 Wereblood                Tmut           0%         N/A       80%         2
 Spider Form              Tmut/Pois      0%         N/A       95%         3


Dungeon Overview and Level Annotations

Branches:
Dungeon (5/15)
 Temple: D:4-7

Altars:

Shops:
D:4 (

Annotations:
D:2 Sigmund


Innate Abilities, Weirdness & Mutations

You are immune to sickness and miasma.
Your stone body is resilient. (AC +4)
You are immune to poison.
You resist negative energy. (rN+)
You are resistant to electric shocks. (rElec)
You are resistant to unholy torment.
You are immune to petrification.


Message History

You see here a +0 leather armour.
Done exploring.
Done exploring.
Done exploring.
Done exploring.
Done exploring.
No target in view!
There is a stone staircase leading down here.
You climb downwards.
The ogre shouts!
There is a stone staircase leading up here.
Found a potion of might.
Found an escape hatch in the floor.
You completely miss the ogre. The ogre barely misses you.
You hit the ogre.
Your weapon exudes an aura of protection.
The ogre is lightly wounded.
A centaur comes into view.
The ogre barely misses you.
The centaur shouts!
You hit the ogre.
The ogre is lightly wounded.
You hear a shout!
You puncture the ogre!
The ogre is severely wounded.
The ogre hits you with a +0 giant club!!
The centaur wields a +4 shortbow.
The centaur shoots an arrow.
The arrow barely misses you.
You barely miss the ogre.
The ogre is severely wounded.
The centaur shoots an arrow.
You block the arrow. The ogre hits you with a +0 giant club.
You are too injured to fight recklessly!
You are too injured to fight recklessly!
You are too injured to fight recklessly!
You are too injured to fight recklessly!
You are too injured to fight recklessly!
You are too injured to fight recklessly!
The ogre attacks as you move away!
The ogre hits you with a +0 giant club!!
You die...

.. #.####
# >!...##
.#.......
#........
#..c....#
#....c...
#O# #@#
#.# #<#
#.# #.#
#.# ..#
###


You could see an ogre and a centaur.

Vanquished Creatures
  An ogre (D:4)
  A centaur (D:3)
  A hound (D:4)
  An iguana (D:4)
  2 orc wizards
  Robin (D:4)
  6 gnolls
  3 adders
  A worm (D:2)
  A dart slug (D:2)
  7 orcs
  3 endoplasms
  4 giant cockroaches
  14 goblins
  10 hobgoblins
  3 quokkas
  4 ball pythons
  4 bats
  4 frilled lizards
  6 kobolds
  4 rats
81 creatures vanquished.

Notes
Turn   | Place    | Note
-------+----------+-------------------------------------------
     0 | D:1      | Dadi the Gargoyle Fighter began the quest for the Orb.
     0 | D:1      | Reached XP level 1. HP: 14/14 MP: 1/1
    57 | D:1      | Reached XP level 2. HP: 13/19 MP: 2/2
   357 | D:1      | Reached XP level 3. HP: 24/24 MP: 3/3
   360 | D:1      | Reached skill level 4 in Fighting
   441 | D:2      | Found a faded altar of an unknown god.
   738 | D:2      | Noticed Sigmund
  1063 | D:3      | Reached XP level 4. HP: 26/30 MP: 4/4
  1424 | D:3      | Noticed a centaur
  1533 | D:4      | Noticed Robin
  1749 | D:3      | Killed a centaur
  1750 | D:3      | Reached skill level 5 in Fighting
  1750 | D:3      | Reached XP level 5. HP: 10/35 MP: 5/5
  2565 | D:4      | Killed Robin
  2599 | D:3      | Reached XP level 6. HP: 19/40 MP: 6/6
  2695 | D:4      | Found Nozihargh's Weapon Shoppe.
  2961 | D:4      | Reached skill level 6 in Fighting
  3060 | D:4      | Reached skill level 5 in Maces & Flails
  3226 | D:4      | Reached XP level 7. HP: 47/47 MP: 7/7
  3335 | D:5      | Entered Level 5 of the Dungeon
  3345 | D:5      | Slain by an ogre

Illustrated notes

Levels and vault maps discovered:
D:1:      giann_bridges, layout_basic
D:2:      layout_loops_cross, ebering_ecumenical_altar_webs,
          kennysheep_cross_bottleneck, uniq_sigmund
D:3:      layout_loops_ring, minivault_14
D:4:      wad_crossroads, layout_cave_pools, serial_shops, shop, uniq_robin
D:5:      layout_loops_ring, nicolae_overflow_hallway_of_the_gods,
          minmay_temple_entry_grid, corexii_item_surrounded_by_moat,
          st_stairs_11, nzn_random_ring, uniq_crazy_yiuf_cottage

Skill      XL: |  1  2  3  4  5  6 |
---------------+-------------------+-----
Fighting       | 4 5 6 |  6.4
Maces & Flails | 3 4 5 |  5.3
Armour         | |  3.2
Shields        | |  3.2

Action                     |  1- 3 |  4- 6 |  7- 9 || total
---------------------------+-------+-------+-------++-------
  Melee: Flail             |    98 |   108 |       ||   206
         Morningstar       |       |    61 |     5 ||    66
 Armour: Scale mail        |    54 |   128 |       ||   182
  Dodge: Dodged            |    60 |    95 |     3 ||   158
  Block: Buckler           |    13 |    35 |     1 ||    49

Table legend: (Time is in decaauts)
 A = Elapsed time spent in this place.
 B = Non-inter-level travel time spent in this place.
 C = Inter-level travel time spent in this place.
 D = Time resting spent in this place.
 E = Time spent auto-exploring this place.
 F = Levels seen in this place.
 G = Mean time per level.
                   A        B        C        D        E       F      G
               +--------+--------+--------+--------+--------+-----+--------+
         Total |   3422 |   3266 |    156 |    824 |   1754 |   5 |  684.4 |
       Dungeon |   3422 |   3266 |    156 |    824 |   1754 |   5 |  684.4 |
               +--------+--------+--------+--------+--------+-----+--------+

Top non-repeatable levels by time:
     D:3: 1537 daAuts
     D:4: 822 daAuts
     D:2: 569 daAuts
     D:1: 482 daAuts
     D:5: 11 daAuts
